Map: Artillería pesada EE

Players

NightRaven

  • Race: Protoss Protoss
  • Spawn Location: 7:00

Waynestir

  • Race: Protoss Protoss
  • Spawn Location: 7:00

MrFercho

  • Race: Terran Terran
  • Spawn Location: 1:00

TATORREA

  • Race: Protoss Protoss
  • Spawn Location: 3:00

VOD

Have the link to the VOD?

Description

Time

  • Played on: April 18, 2020, 8:58 p.m.
  • Length: 19:06
Show
View Real Time Build Order
Export as new Build Order

NightRaven Protoss 

Build Orders: 1 Gate Expand 

Get SALT Encoding   

  12  0:01  Probe  
  13  0:13  Probe  
  14  0:17  Pylon  
  14  0:25  Probe (Chrono Boost)  
  15  0:37  Probe (Chrono Boost)  
  15  0:40  Gateway  
  16  0:45  Probe (Chrono Boost)  
  16  0:47  Assimilator  
  17  0:51  Probe  
  18  1:20  Nexus  
  18  1:28  Cybernetics Core  
  18  1:31  Probe  
  19  1:38  Assimilator  
  19  1:43  Pylon  
  19  1:45  Probe  
  20  1:57  Probe  
  21  2:02  Adept (Chrono Boost)  
  21  2:07  Warp Gate  
  23  2:09  Probe  
  24  2:21  Probe  
  25  2:33  Probe  
  26  2:38  Probe  
  26  2:43  Nexus  
  27  2:45  Probe (Chrono Boost)  
  27  2:51  Probe (Chrono Boost)  
  29  2:58  Probe (Chrono Boost)  
  30  3:03  Probe (Chrono Boost)  
  32  3:06  Probe (Chrono Boost)  
  32  3:08  Probe (Chrono Boost)  
  33  4:00  Probe x2  
  33  4:01  Probe  
  36  4:06  Adept  
  38  4:12  Stargate  
  38  4:13  Probe x2  
  38  4:14  Probe, Stargate  
  38  4:16  Pylon, Stargate  
  41  4:36  Probe x2  
  41  4:37  Probe  
  44  4:44  Assimilator x2  
  44  4:46  Assimilator x2  
  44  4:49  Pylon, Probe x2 (Chrono Boost)  
  44  4:51  Forge  
  46  4:53  Probe (Chrono Boost)  
  48  5:01  Probe (Chrono Boost)  
  48  5:02  Probe (Chrono Boost)  
  48  5:04  Probe (Chrono Boost)  
  48  5:07  Probe (Chrono Boost)  
  50  5:08  Probe (Chrono Boost)  
  50  5:09  Probe (Chrono Boost)  
  50  5:11  Void Ray x3  
  65  5:15  Probe (Chrono Boost)  
  65  5:19  Probe x2 (Chrono Boost)  
  68  5:27  Probe (Chrono Boost)  
  71  5:29  Probe x2 (Chrono Boost)  
  71  5:32  Probe (Chrono Boost)  
  71  5:34  Shield Battery, Probe (Chrono Boost)  
  71  5:35  Photon Cannon  
  72  5:37  Photon Cannon  
  72  5:39  Fleet Beacon, Shield Battery  
  72  5:42  Probe x2  
  75  5:44  Probe  
  76  5:54  Probe  
  76  5:55  Pylon  
  76  5:56  Protoss Shields Level 1  
  77  6:08  Cybernetics Core  
  77  6:13  Pylon, Probe x2  
  77  6:14  Probe  
  77  6:17  Pylon  
  80  6:22  Pylon  
  80  6:26  Probe x3  
  80  6:29  Unknown  
  83  6:35  Void Ray  
  83  6:36  Void Ray x2  
  83  6:38  Probe x2  
  97  6:49  Photon Cannon  
  97  6:51  Protoss Air Weapons Level 1 (Chrono Boost), Protoss Air Armor Level 1 (Chrono Boost)  
  97  6:52  Shield Battery  
  97  6:53  Twilight Council  
  97  6:59  Probe  
  97  7:00  Probe x2  
  100  7:30  Nexus  
  100  7:31  Void Ray x2  
  100  7:33  Assimilator  
  100  7:37  Assimilator  
  108  7:38  Pylon  
  108  7:40  Pylon  
  108  7:56  Void Ray  
  110  8:10  Protoss Shields Level 2 (Chrono Boost)  
  110  8:14  Void Ray  
  110  8:18  Pylon  
  110  8:19  Void Ray  
  118  8:21  Pylon  
  118  8:25  Pylon  
  118  8:28  Pylon  
  118  8:30  Pylon  
  118  8:32  Pylon  
  118  8:35  Protoss Air Weapons Level 2 (Chrono Boost), Protoss Air Armor Level 2 (Chrono Boost)  
  118  8:48  Photon Cannon  
  118  8:51  Photon Cannon  
  118  8:55  Photon Cannon, Probe x4  
  122  8:57  Photon Cannon  
  122  9:00  Photon Cannon  
  122  9:02  Photon Cannon, Shield Battery  
  122  9:03  Void Ray x3  
  122  9:06  Shield Battery  
  134  9:10  Stargate  
  134  9:11  Shield Battery  
  134  9:12  Stargate  
  134  9:13  Shield Battery  
  134  9:15  Stargate  
  134  9:36  Nexus  
  134  9:40  Pylon  
  134  9:42  Pylon  
  134  9:58  Void Ray x2  
  134  9:59  Void Ray x4  
  158  10:17  Assimilator  
  158  10:24  Assimilator  
  158  10:26  Pylon  
  158  10:30  Pylon  
  158  10:33  Pylon  
  158  10:41  Void Ray x3  
  158  10:42  Void Ray x3  
  182  10:45  Protoss Air Weapons Level 3, Protoss Air Armor Level 3  
  182  11:12  Protoss Shields Level 3 (Chrono Boost)  
  182  11:13  Photon Cannon  
  182  11:15  Photon Cannon  
  182  11:17  Photon Cannon  
  182  11:20  Photon Cannon  
  182  11:23  Photon Cannon  
  182  11:25  Photon Cannon  
  182  11:28  Void Ray x4, Shield Battery  
  182  11:31  Shield Battery  
  198  11:35  Shield Battery  
  198  11:58  Probe x2  
  196  12:50  Void Ray  
  196  14:08  Void Ray  
  198  14:10  Probe x2  
  200  14:40  Nexus  
  200  14:43  Assimilator  
  200  14:47  Assimilator  
  192  16:26  Void Ray x2  
  200  17:21  Pylon  
  200  17:22  Pylon  
  200  17:25  Pylon x2  
  200  17:41  Nexus  
  200  17:44  Assimilator  
  200  17:48  Assimilator  
Show
View Real Time Build Order
Export as new Build Order

Waynestir Protoss 

Build Orders: Double Forge 

Get SALT Encoding   

  12  0:01  Probe  
  13  0:13  Probe  
  14  0:19  Pylon  
  14  0:25  Probe  
  15  0:37  Probe  
  15  0:39  Gateway  
  16  0:49  Probe  
  17  0:50  Assimilator  
  17  1:01  Probe  
  17  1:02  Pylon  
  18  1:13  Probe  
  19  1:27  Cybernetics Core  
  19  1:29  Probe  
  20  1:41  Probe  
  21  1:53  Nexus  
  21  2:00  Probe  
  22  2:12  Robotics Facility  
  22  2:17  Probe  
  22  2:18  Assimilator  
  23  2:31  Pylon  
  23  2:40  Robotics Facility  
  23  2:42  Probe  
  24  2:54  Probe  
  25  3:00  Observer  
  25  3:04  Pylon  
  26  3:09  Forge  
  26  3:10  Forge  
  26  3:12  Probe  
  27  3:15  Probe  
  28  3:24  Probe  
  29  3:32  Probe  
  30  3:37  Immortal (Chrono Boost)  
  30  3:40  Probe  
  35  3:42  Observer (Chrono Boost)  
  35  3:46  Probe  
  37  3:52  Assimilator  
  37  3:54  Assimilator, Probe  
  42  4:12  Immortal (Chrono Boost)  
  42  4:17  Immortal  
  42  4:20  Probe  
  47  4:24  Pylon  
  47  4:39  Probe  
  47  4:40  Probe  
  49  4:47  Pylon  
  49  4:48  Photon Cannon  
  49  4:53  Probe x2  
  49  4:57  Immortal  
  49  4:59  Protoss Ground Weapons Level 1 (Chrono Boost)  
  55  5:02  Protoss Ground Armor Level 1 (Chrono Boost)  
  55  5:05  Probe  
  55  5:06  Probe  
  57  5:17  Probe  
  57  5:18  Probe  
  57  5:20  Immortal  
  63  5:30  Forge  
  63  5:35  Twilight Council  
  63  5:38  Photon Cannon  
  63  5:40  Probe  
  64  5:43  Probe  
  65  5:51  Observer  
  66  6:04  Probe x2  
  66  6:07  Nexus  
  66  6:10  Protoss Shields Level 1 (Chrono Boost)  
  68  6:16  Probe  
  68  6:17  Probe  
  70  6:21  Immortal  
  74  6:30  Probe x2  
  76  6:42  Pylon  
  76  6:46  Pylon  
  76  6:47  Pylon  
  76  6:49  Pylon  
  76  6:50  Probe  
  76  6:51  Pylon, Probe  
  78  6:54  Pylon x2  
  78  7:08  Probe x2  
  79  7:11  Immortal  
  79  7:12  Immortal  
  88  7:18  Robotics Facility  
  88  7:21  Protoss Ground Weapons Level 2 (Chrono Boost)  
  88  7:24  Probe x3  
  88  7:26  Protoss Ground Armor Level 2 (Chrono Boost)  
  91  7:36  Probe  
  92  7:39  Probe  
  92  7:42  Assimilator  
  93  7:45  Assimilator  
  93  7:50  Immortal  
  97  8:16  Immortal  
  101  8:30  Protoss Shields Level 2 (Chrono Boost), Immortal, Robotics Bay  
  105  8:52  Immortal  
  105  8:54  Nexus  
  105  8:55  Observer  
  110  8:56  Pylon  
  110  8:57  Pylon  
  110  8:59  Probe  
  110  9:00  Assimilator  
  111  9:04  Assimilator  
  111  9:09  Observer  
  112  9:16  Observer  
  113  9:22  Photon Cannon  
  113  9:28  Pylon  
  113  9:30  Immortal  
  113  9:31  Immortal  
  121  9:38  Immortal  
  125  9:44  Protoss Ground Weapons Level 3 (Chrono Boost), Protoss Ground Armor Level 3 (Chrono Boost)  
  125  9:52  Gravitic Boosters  
  125  10:03  Photon Cannon  
  125  10:06  Photon Cannon  
  125  10:09  Photon Cannon  
  125  10:10  Immortal x2  
  125  10:12  Probe  
  125  10:13  Probe x3  
  137  10:17  Immortal  
  141  10:25  Robotics Facility  
  141  10:42  Protoss Shields Level 3 (Chrono Boost)  
  141  10:49  Immortal x2  
  149  10:56  Observer  
  150  11:01  Pylon x2  
  150  11:06  Extended Thermal Lance  
  150  11:14  Cybernetics Core  
  150  11:17  Stargate  
  150  11:18  Observer  
  151  11:22  Protoss Air Weapons Level 1 (Chrono Boost)  
  151  11:28  Immortal x2  
  159  11:39  Immortal  
  163  12:02  Warp Gate (Chrono Boost)  
  163  12:03  Immortal (Chrono Boost)  
  167  12:20  Fleet Beacon  
  167  12:25  Charge  
  179  12:39  Immortal x4 (Chrono Boost)  
  179  12:43  Templar Archives  
  182  12:45  Dark Shrine  
  182  12:46  Gravitic Drive  
  182  12:51  Photon Cannon  
  182  12:53  Photon Cannon  
  182  12:55  Photon Cannon  
  182  12:57  Gateway x2  
  182  13:00  Gateway  
  182  13:03  Gateway  
  182  13:05  Gateway  
  182  13:07  Nexus  
  182  13:10  Pylon  
  182  13:11  Pylon  
  182  13:14  Assimilator  
  182  13:17  Photon Cannon  
  182  13:18  Assimilator  
  182  13:20  Photon Cannon  
  181  13:41  Protoss Air Armor Level 1 (Chrono Boost)  
  181  13:42  Pylon  
  181  13:53  Immortal x4  
  181  13:54  Blink (Chrono Boost)  
  197  14:03  Nexus  
  197  14:04  Pylon  
  197  14:07  Assimilator  
  197  14:11  Assimilator  
  197  14:15  Shadow Stride (Chrono Boost)  
  196  14:27  Anion Pulse-Crystals  
  196  14:32  Observer x4  
  196  14:34  Psionic Storm  
  200  14:49  Protoss Air Weapons Level 2 (Chrono Boost)  
  200  15:16  Unknown  
  200  15:29  Resonating Glaives  
  200  15:32  Protoss Air Armor Level 2 (Chrono Boost)  
  199  16:44  Observer  
  200  17:55  Observer  
  180  18:12  Immortal x4  
Show
View Real Time Build Order
Export as new Build Order

MrFercho Terran 

Build Orders:  

Get SALT Encoding   

  12  0:02  SCV  
  13  0:17  SCV  
  14  0:24  Supply Depot  
  14  0:39  Engineering Bay  
  14  0:47  SCV  
  15  0:50  Refinery  
  15  0:59  SCV  
  16  1:07  Barracks  
  16  1:11  SCV  
  17  1:28  SCV  
  18  1:41  SCV  
  19  1:53  SCV  
  20  1:59  Barracks Tech Lab  
  20  2:05  SCV  
  21  2:19  SCV  
  22  2:31  SCV  
  23  2:38  Command Center  
  23  2:44  Supply Depot  
  23  2:48  Supply Depot  
  25  3:05  Reaper, SCV  
  25  3:17  SCV  
  25  3:19  Refinery  
  25  3:30  SCV  
  26  3:37  Reaper  
  26  3:39  Missile Turret  
  27  4:01  Missile Turret  
  27  4:20  Factory  
  26  4:45  Marine  
  27  4:51  Orbital Command  
  27  5:00  SCV  
  27  5:02  Marine  
  27  5:05  Refinery  
  29  5:07  Terran Infantry Weapons Level 1  
  29  5:12  Factory Tech Lab, SCV  
  30  5:20  Marine  
  31  5:24  SCV  
  32  5:33  Siege Tank  
  32  5:35  Sensor Tower  
  35  5:36  SCV  
  35  5:38  Marine  
  37  5:47  Armory  
  37  5:48  SCV  
  38  5:51  Refinery  
  38  5:56  Marine  
  39  6:06  Siege Tank  
  42  6:14  Marine  
  43  6:18  Supply Depot  
  43  6:21  Orbital Command  
  43  6:31  Marine  
  44  6:38  Siege Tank  
  47  6:41  Supply Depot  
  47  6:49  Marine  
  48  6:58  Starport  
  48  7:03  Starport  
  48  7:04  Supply Depot  
  48  7:07  Marine  
  49  7:10  Armory  
  49  7:12  Terran Vehicle And Ship Armor Level 1  
  49  7:15  Terran Infantry Armor Level 1  
  49  7:29  SCV  
  50  7:37  SCV  
  50  7:41  SCV  
  52  7:49  SCV  
  53  7:53  SCV  
  54  8:01  SCV  
  54  8:05  SCV  
  50  8:13  SCV  
  50  8:14  Starport Tech Lab  
  50  8:17  SCV  
  52  8:24  Starport Tech Lab  
  52  8:25  Fusion Core, SCV  
  53  8:47  Missile Turret  
  53  8:57  Factory  
  53  9:01  Banshee x2  
  59  9:09  Missile Turret  
  59  9:42  Factory  
  59  9:44  Banshee x2  
  65  10:09  Marauder  
  67  10:20  Barracks  
  67  10:27  Viking, Banshee, Hi-Sec Auto Tracking  
  72  10:31  Marauder  
  74  10:36  Engineering Bay  
  74  10:38  Weapon Refit  
  74  10:39  Cloaking Field  
  74  10:52  Marauder  
  76  10:57  Viking, Terran Ship Weapons Level 1  
  76  11:01  Terran Vehicle And Ship Armor Level 2  
  78  11:05  Terran Infantry Armor Level 2  
  78  11:08  Barracks  
  78  11:11  Factory Tech Lab  
  78  11:12  Factory Tech Lab  
  78  11:15  Barracks Reactor  
  78  11:24  Viking, Terran Infantry Weapons Level 2  
  78  11:25  Marauder  
  82  11:27  Viking  
  84  11:46  Supply Depot, Marine  
  85  11:54  Viking  
  85  11:57  Viking  
  89  12:08  Supply Depot  
  89  12:24  Viking  
  89  12:27  Viking  
  93  12:33  Supply Depot  
  93  12:54  Viking  
  93  12:55  Supply Depot  
  93  12:57  Viking  
  85  13:00  Barracks Reactor  
  85  13:08  Sensor Tower  
  85  13:24  Raven  
  72  13:55  Marine  
  72  13:56  Marine  
  74  14:09  Thor x2  
  80  14:13  Marine x2  
  80  14:31  Marine x2  
  82  14:49  Marine x2, Battlecruiser x2  
  82  14:52  Thor x2  
  106  15:35  Thor  
  112  15:36  Hellion  
  76  17:10  Cyclone  
  76  17:13  Cyclone  
  82  17:20  Viking  
  82  17:21  Viking  
  89  17:50  Viking x2  
  32  18:20  Viking x2  
Show
View Real Time Build Order
Export as new Build Order

TATORREA Protoss 

Build Orders:  

Get SALT Encoding   

  12  0:06  Probe (Chrono Boost)  
  13  0:18  Probe (Chrono Boost)  
  14  0:29  Pylon  
  14  0:35  Assimilator  
  14  0:38  Probe  
  14  0:39  Assimilator  
  15  0:50  Probe  
  16  1:03  Gateway  
  16  1:24  Probe  
  17  1:39  Probe (Chrono Boost)  
  18  1:49  Probe (Chrono Boost)  
  19  1:54  Probe (Chrono Boost)  
  19  1:56  Forge  
  19  1:58  Cybernetics Core  
  19  2:11  Probe (Chrono Boost)  
  20  2:22  Probe (Chrono Boost)  
  21  2:26  Probe (Chrono Boost)  
  22  2:37  Nexus  
  22  2:38  Warp Gate  
  22  2:40  Assimilator  
  22  2:44  Assimilator  
  22  3:00  Pylon  
  22  3:07  Probe  
  23  3:18  Stalker  
  24  3:48  Stalker  
  25  4:08  Probe  
  26  4:18  Stalker  
  26  4:23  Protoss Ground Weapons Level 1  
  28  4:31  Probe (Chrono Boost)  
  29  4:35  Protoss Air Weapons Level 1, Probe (Chrono Boost)  
  32  4:46  Probe (Chrono Boost)  
  32  4:47  Probe (Chrono Boost)  
  32  4:48  Stalker  
  35  4:55  Probe x2 (Chrono Boost)  
  36  5:00  Probe (Chrono Boost)  
  36  5:01  Probe  
  36  5:06  Stargate  
  38  5:09  Photon Cannon  
  38  5:10  Probe  
  38  5:13  Probe  
  40  5:16  Twilight Council  
  40  5:20  Robotics Facility  
  40  5:23  Probe  
  41  5:29  Probe  
  42  5:42  Probe (Chrono Boost)  
  43  5:45  Probe (Chrono Boost)  
  44  5:53  Probe (Chrono Boost)  
  44  5:54  Blink  
  44  5:55  Probe (Chrono Boost)  
  46  6:16  Pylon  
  46  6:20  Pylon  
  46  6:24  Pylon  
  46  6:28  Pylon  
  46  6:32  Pylon  
  46  6:36  Pylon, Probe (Chrono Boost)  
  46  6:37  Probe (Chrono Boost)  
  48  6:41  Probe x2 (Chrono Boost)  
  48  6:44  Protoss Air Armor Level 1  
  50  6:48  Probe  
  50  6:50  Probe  
  50  6:52  Fleet Beacon  
  52  6:55  Stargate  
  52  6:57  Stargate  
  52  6:59  Stargate  
  52  7:02  Gateway  
  52  7:05  Gateway  
  52  7:22  Stalker  
  52  7:25  Void Ray  
  58  7:52  Nexus  
  58  7:56  Assimilator  
  58  7:58  Assimilator  
  58  8:00  Probe (Chrono Boost)  
  59  8:08  Void Ray  
  59  8:10  Probe (Chrono Boost)  
  59  8:12  Probe (Chrono Boost)  
  67  8:20  Probe x2 (Chrono Boost)  
  67  8:25  Probe (Chrono Boost)  
  69  8:27  Probe (Chrono Boost)  
  69  8:30  Pylon  
  69  8:38  Probe (Chrono Boost)  
  69  8:40  Probe (Chrono Boost)  
  71  8:46  Probe (Chrono Boost)  
  73  8:49  Probe (Chrono Boost)  
  73  8:50  Stalker  
  75  8:59  Probe  
  75  9:02  Stalker x2  
  78  9:07  Void Ray  
  78  9:08  Tempest  
  78  9:09  Carrier  
  95  9:11  Void Ray  
  95  9:17  Probe (Chrono Boost)  
  100  9:27  Probe (Chrono Boost)  
  101  9:32  Probe (Chrono Boost)  
  102  9:43  Probe  
  103  9:50  Tempest  
  108  9:55  Stalker x2, Probe  
  108  9:56  Stalker  
  115  10:36  Nexus  
  115  10:39  Assimilator  
  115  10:40  Assimilator  
  115  10:50  Probe (Chrono Boost)  
  117  10:59  Probe (Chrono Boost)  
  117  11:31  Pylon  
  117  11:33  Pylon  
  117  11:37  Pylon  
  117  11:44  Pylon  
  117  11:47  Void Ray x2  
  117  11:48  Carrier, Probe  
  117  11:49  Tempest, Probe  
  117  11:51  Pylon  
  117  11:53  Pylon, Protoss Ground Weapons Level 2  
  138  11:56  Pylon  
  139  12:01  Probe (Chrono Boost)  
  139  12:05  Probe (Chrono Boost)  
  140  12:09  Photon Cannon  
  140  12:11  Probe (Chrono Boost)  
  140  12:12  Photon Cannon  
  140  12:14  Photon Cannon, Probe (Chrono Boost)  
  140  12:15  Protoss Air Weapons Level 2, Photon Cannon  
  142  12:17  Photon Cannon  
  142  12:18  Photon Cannon  
  134  12:24  Probe  
  135  12:30  Void Ray, Tempest  
  135  12:32  Carrier  
  115  12:52  Tempest  
  90  13:13  Carrier, Nexus  
  71  13:22  Nexus  
  63  13:48  Nexus  
  63  13:51  Assimilator  
  63  14:13  Nexus  
  63  14:27  Protoss Ground Armor Level 1  
  63  14:34  Probe (Chrono Boost)  
  64  14:45  Probe (Chrono Boost)  
  65  14:50  Probe (Chrono Boost)  
  4  16:37  Nexus  
  4  16:41  Assimilator  
  4  16:45  Assimilator  
  4  17:04  Stalker  
  6  18:02  Probe (Chrono Boost)  
  7  18:12  Probe (Chrono Boost)  
Tags
 
Add a new tag
Caveats
  • Supply blocks, unpowered buildings, or Contaminate may cause inaccurate times.
  • Supply counts are checked every 10 seconds.